 Dungeon Crawl Stone Soup version 0.19-a0-1589-ge51c82a (webtiles) character file.

30766 TheGoonsmith the Grappler (level 13, -5/138 HPs)
             Began as a Naga Transmuter on Sept 16, 2016.
             Was the Champion of Cheibriados.
             Slain by a seven-headed hydra (6 damage)
             ... on level 4 of the Lair of Beasts.
             The game lasted 00:40:45 (15559 turns).

TheGoonsmith the Grappler (Naga Transmuter)        Turns: 15559, Time: 00:40:46

Health: -5/138     AC:  8    Str: 29    XL:     13   Next: 53%
Magic:  21/22      EV: 15    Int: 32    God:    Cheibriados [******]
Gold:   929        SH:  4    Dex: 30    Spells: 4 memorised, 8 levels left

rFire  x . .     SeeInvis +       - Unarmed
rCold  + + +     Gourm    .     (armour currently unavailable)
rNeg   . . .     Faith    .     (shield currently unavailable)
rPois  +         Spirit   .     (helmet currently unavailable)
rElec  .         Dismiss  .     (cloak currently unavailable)
rCorr  .         Reflect  +     (gloves currently unavailable)
MR     +....     Harm     .     (no barding)
Stlth  ++........               J - +4 amulet of reflection
                                E - +3 ring of dexterity
                                s - +3 ring of slaying

@: ice-form, very slow
A: see invisible, (deformed body), (poison resistance), (slowness 0), slow
metabolism 1, spit poison 1, (constrict 1), AC +4
a: Spit Poison, End Transformation, Bend Time, Temporal Distortion, Slouch, Step
From Time, Renounce Religion


You were on level 4 of the Lair of Beasts.
You worshipped Cheibriados.
Cheibriados was exalted by your worship.
You were not hungry.
You were a creature of crystalline ice.
You visited 3 branches of the dungeon, and saw 15 of its levels.

You collected 929 gold pieces.

Inventory:

Missiles
 a - 423 arrows
 k - a throwing net (quivered)
Armour
 o - a +2 hat of intelligence (melded)
 v - a +0 pair of gloves (melded)
 I - a +2 hat
 N - a +2 naga barding of cold resistance (melded)
 P - a +1 robe of cold resistance (melded)
Jewellery
 l - an uncursed ring of fire
 q - an uncursed ring of resist corrosion
 s - a +3 ring of slaying (left front paw)
 E - a +3 ring of dexterity (right front paw)
 G - an uncursed ring of wizardry
 J - a +4 amulet of reflection (around neck)
 L - a cursed -3 ring of evasion {unknown}
Wands
 b - a wand of confusion (36/48)
 H - a wand of digging (14/24)
Scrolls
 i - a scroll of fear
 n - 4 scrolls of teleportation
 r - 2 scrolls of identify
 t - 7 scrolls of remove curse
 y - a scroll of vulnerability
 O - a scroll of fog {unknown}
 V - a scroll of enchant weapon {unknown}
Potions
 e - 3 potions of flight
 f - 5 potions of lignification
 g - 3 potions of heal wounds
 h - 2 potions of magic
 j - 5 potions of curing
 m - 2 potions of haste
 u - a potion of ambrosia
 x - a potion of brilliance {unknown}
 A - 2 potions of cancellation
 B - a potion of invisibility
 C - a potion of resistance {unknown}
 D - 2 potions of cure mutation
 F - 2 potions of degeneration {unknown}
 K - a potion of berserk rage {unknown}
 Q - a potion of mutation {unknown}
 S - a potion of might {unknown}
 T - 2 potions of agility {unknown}
Books
 c - a book of Changes

   Spells                             Type                      Level
   a - Beastly Appendage              Transmutation                1
   b - Sticks to Snakes               Transmutation                2
   c - Spider Form                    Transmutation/Poison         3
   d - Ice Form                       Ice/Transmutation            4
   e - Blade Hands                    Transmutation                5
 M - a book of the Warp

   Spells                             Type                      Level
   a - Gell's Gravitas                Hexes/Translocation          3
   b - Force Lance                    Conjuration/Translocation    4
   c - Summon Forest                  Summoning/Translocation      5
   d - Dispersal                      Translocation                6
   e - Controlled Blink               Translocation                8
   f - Disjunction                    Translocation                8
 U - a book of Unlife

   Spells                             Type                      Level
   a - Recall                         Summoning/Translocation      3
   b - Animate Dead                   Necromancy                   4
   c - Control Undead                 Necromancy                   4
   d - Cigotuvi's Embrace             Necromancy                   5
   e - Death Channel                  Necromancy                   6
   f - Simulacrum                     Ice/Necromancy               6
 W - a book of Conjurations

   Spells                             Type                      Level
   a - Magic Dart                     Conjuration                  1
   b - Searing Ray                    Conjuration                  2
   c - Dazzling Spray                 Conjuration/Hexes            3
   d - Fulminant Prism                Conjuration/Hexes            4
   e - Iskenderun's Mystic Blast      Conjuration                  4
   f - Iskenderun's Battlesphere      Conjuration/Charms           5
Comestibles
 d - 14 bread rations
 p - a royal jelly
 w - 9 fruits
 z - 2 beef jerkies
 R - 3 meat rations
 X - a chunk of flesh


   Skills:
 + Level 7.4 Fighting
 - Level 5.5 Dodging
 - Level 13.1 Unarmed Combat
 - Level 5.1 Spellcasting
 - Level 10.0 Transmutations
 - Level 2.2 Ice Magic
 - Level 2.1 Poison Magic
 - Level 12.0 Invocations


You had 8 spell levels left.
You knew the following spells:

 Your Spells              Type           Power        Failure   Level  Hunger
a - Ice Form              Ice/Tmut       #####...     6%          4    ###....
b - Sticks to Snakes      Tmut           ######..     1%          2    None
c - Spider Form           Tmut/Pois      #####.....   1%          3    None
d - Blade Hands           Tmut           ######....   2%          5    #####..


Dungeon Overview and Level Annotations

Branches:
Dungeon (10/15)            Temple (1/1) D:6            Lair (4/6) D:10
  Swamp (0/4) Lair:3        Snake (0/4) Lair:3
    Orc: D:9-12

Altars:
Ashenzari
Cheibriados
Hepliaklqana
Vehumet
Zin
The Shining One

Shops:
D:9 %

Annotations:
D:6 Ryco's ghost, novice MiFi
Lair:1 exclusion: oklob plant


Innate Abilities, Weirdness & Mutations

You cannot wear boots.
((Your serpentine skin is tough. (AC +4)))
You have supernaturally acute eyesight. (SInv)
((Armour fits poorly on your strangely shaped body.))
((Your system is resistant to poisons. (rPois)))
((You cover ground very slowly.))
You have a slow metabolism.
You can spit poison.
((You can use your snake-like lower body to constrict enemies.))


Message History

* * * LOW HITPOINT WARNING * * *
The seven-headed hydra bites you but does no damage.
The alligator bites you!
* * * LOW HITPOINT WARNING * * *
The alligator tail-slaps you but does no damage.
Okay, then.
Press: ? - help, v - describe, . - travel
Here: an alligator (covering ground quickly)
The floor.
You feel much better. The alligator bites you!!
* * * LOW HITPOINT WARNING * * *
The alligator tail-slaps you.
* * * LOW HITPOINT WARNING * * *
The seven-headed hydra bites you!
* * * LOW HITPOINT WARNING * * *
The seven-headed hydra barely misses you.
The seven-headed hydra bites you.
* * * LOW HITPOINT WARNING * * *
The seven-headed hydra bites you.
You die...

#...## ≈≈≈≈ #...####. ##÷##
≈≈≈≈≈≈≈ ≈≈≈!$ #P..###. .#.#
≈≈≈≈≈≈≈≈#≈..≈≈≈##....... ...#
#≈≈#≈≈≈≈≈≈.≈#≈≈#).....÷. #.## ###
≈≈≈..≈≈#≈P≈#≈≈≈#.....#P.
.#####.#.≈....P≈≈≈..≈#≈≈#....####
.##....#≈.≈≈PP≈.≈≈.≈#≈#≈#.....##.
##.#...≈≈.≈P≈≈≈.††P≈≈≈≈##.....###
.##....≈##≈≈≈≈≈tY≈≈≈≈≈#≈#..=....#
##.....≈≈≈≈#≈≈≈D≈.≈#≈≈≈≈≈.....###
##.....#≈≈≈≈≈#≈≈.≈≈P≈≈≈#≈.....###
#......≈≈≈≈≈≈≈≈≈.≈.≈.≈≈≈#.#.....#
#......#≈≈≈≈≈≈≈≈.≈.÷.≈≈...###.###
#......#≈≈≈#≈≈≈≈.≈...≈≈P≈.#####
.......# ≈≈≈≈#.≈.≈P≈≈...≈..#
.......# ≈≈≈.≈≈.≈#≈≈.≈≈≈..#
.......# ≈..≈≈≈.≈≈≈≈≈≈≈≈..##


You could see an alligator and a seven-headed hydra.

Vanquished Creatures
  Gastronok (Lair:1)
  Josephine (Lair:4)
  A hydra (Lair:4)
  Fannar (D:10)
  A catoblepas (Lair:3)
  A death yak (Lair:3)
  An unseen horror (D:10)
  A swamp dragon (Lair:4)
  11 elephants
  A torpor snail (Lair:3)
  7 spiny frogs
  4 komodo dragons
  A rime drake (Lair:4)
  4 trolls
  3 polar bears (Lair:4)
  A two-headed ogre (D:9)
  4 blink frogs (Lair:4)
  A slime creature (Lair:4)
  5 hippogriffs
  A spriggan (D:9)
  5 wraiths (Lair:4)
  19 yaks
  A hungry ghost (D:10)
  A basilisk (Lair:3)
  4 wyverns
  A vampire mosquito (Lair:4)
  2 nagas (Lair:3)
  6 water moccasins
  5 porcupines
  3 orc warriors
  2 sky beasts
  An eye of draining (D:8)
  An ice beast (D:5)
  2 phantoms
  4 ogres
  22 wolves
  6 centaurs
  8 crocodiles
  2 big kobolds
  The ghost of edsrzf the Sneak, an amateur KoEn of Ru (D:3)
  13 bullfrogs
  Blork the orc (D:5)
  4 scorpions
  4 killer bees (D:9)
  16 wights
  7 howler monkeys
  5 crimson imps
  3 bullfrog zombies
  2 quasits
  4 hounds
  A centaur skeleton (D:5)
  3 orc priests
  3 jellies
  2 bullfrog skeletons
  A gnoll shaman (D:6)
  7 iguanas
  6 orc wizards
  Terence (D:2)
  3 worker ants
  2 hound skeletons
  14 gnolls
  11 adders
  34 river rats
  3 shadow imps
  An ooze (D:3)
  An adder skeleton (D:5)
  An adder zombie (D:8)
  A worm (D:2)
  A dart slug (D:1)
  4 leopard geckos
  30 orcs
  3 ball pythons
  2 giant cockroaches (D:2)
  13 goblins
  9 hobgoblins
  29 jackals
  6 quokkas
  10 bats
  15 kobolds
  A quokka skeleton (D:4)
  12 rats
  A plant (D:9)
437 creatures vanquished.

Vanquished Creatures (others)
  17 fungi
  4 plants
21 creatures vanquished.

Grand Total: 458 creatures vanquished

Notes
Turn   | Place    | Note
-------+----------+-------------------------------------------
     0 | D:1      | TheGoonsmith the Naga Transmuter began the quest for the Orb.
     0 | D:1      | Reached XP level 1. HP: 18/18 MP: 3/3
   263 | D:1      | Found a shattered altar of Ashenzari.
   289 | D:1      | Reached XP level 2. HP: 24/25 MP: 3/5
   696 | D:1      | Reached XP level 3. HP: 29/32 MP: 4/6
   894 | D:1      | Reached skill level 4 in Unarmed Combat
   961 | D:1      | Learned a level 2 spell: Sticks to Snakes
   965 | D:1      | Learned a level 3 spell: Spider Form
  1338 | D:2      | Reached skill level 1 in Poison Magic
  1338 | D:2      | Reached XP level 4. HP: 23/39 MP: 7/7
  1526 | D:2      | Noticed Terence
  2614 | D:2      | Killed Terence
  2614 | D:2      | Reached XP level 5. HP: 39/45 MP: 2/8
  2932 | D:3      | Noticed edsrzf's ghost (amateur KoEn)
  2950 | D:3      | Killed edsrzf's ghost
  2950 | D:3      | Reached skill level 5 in Unarmed Combat
  2950 | D:3      | Reached XP level 6. HP: 38/52 MP: 6/9
  3427 | D:3      | Reached skill level 6 in Unarmed Combat
  3451 | D:3      | Found a hazy altar of Hepliaklqana.
  3912 | D:4      | Reached XP level 7. HP: 62/62 MP: 3/10
  4053 | D:4      | Found a snail-covered altar of Cheibriados.
  4061 | D:4      | Became a worshipper of Cheibriados the Contemplative
  4697 | D:5      | Entered Level 5 of the Dungeon
  4746 | D:5      | Noticed Blork the orc
  4765 | D:5      | Killed Blork the orc
  4928 | D:5      | Reached * piety under Cheibriados
  5062 | D:5      | Reached XP level 8. HP: 67/69 MP: 7/11
  5246 | D:5      | Reached skill level 7 in Unarmed Combat
  5657 | D:6      | Learned a level 4 spell: Ice Form
  5931 | D:6      | Reached skill level 8 in Unarmed Combat
  5965 | D:6      | Noticed Ryco's ghost (novice MiFi)
  5977 | D:6      | Found a staircase to the Ecumenical Temple.
  5985 | Temple   | Entered the Ecumenical Temple
  6246 | D:6      | Reached ** piety under Cheibriados
  6314 | D:6      | Reached skill level 5 in Transmutations
  6383 | D:6      | Found a glowing golden altar of the Shining One.
  6505 | D:6      | Reached XP level 9. HP: 73/79 MP: 8/13
  6581 | D:6      | Reached skill level 1 in Ice Magic
  7136 | D:7      | Learned a level 5 spell: Blade Hands
  7482 | D:7      | Reached *** piety under Cheibriados
  7847 | D:7      | Reached skill level 5 in Fighting
  8208 | D:8      | Reached XP level 10. HP: 81/88 MP: 13/16
  8507 | D:8      | Reached **** piety under Cheibriados
  9144 | D:9      | Reached skill level 9 in Unarmed Combat
  9484 | D:9      | Found a glowing silver altar of Zin.
  9632 | D:9      | Found a radiant altar of Vehumet.
  9760 | D:9      | Reached skill level 10 in Unarmed Combat
  9880 | D:9      | Reached ***** piety under Cheibriados
  9892 | D:9      | Found Nugoazof's Food Emporium.
 10063 | D:10     | Entered Level 10 of the Dungeon
 10158 | D:10     | Reached skill level 5 in Dodging
 10317 | D:10     | Identified a scroll of acquirement
 10358 | D:10     | Reached skill level 5 in Spellcasting
 10358 | D:10     | Reached XP level 11. HP: 91/97 MP: 11/18
 10403 | D:10     | Noticed an unseen horror
 10411 | D:10     | Killed an unseen horror
 10415 | D:10     | Noticed Fannar
 10415 | D:10     | Found a staircase to the Lair.
 10422 | D:10     | Killed Fannar
 10944 | D:10     | Reached skill level 10 in Transmutations
 10975 | Lair:1   | Entered Level 1 of the Lair of Beasts
 10985 | Lair:1   | Noticed an oklob plant
 11051 | Lair:1   | Noticed Gastronok
 11059 | Lair:1   | Killed Gastronok
 11059 | Lair:1   | Reached skill level 11 in Unarmed Combat
 11509 | Lair:2   | Reached skill level 1 in Invocations
 11533 | Lair:1   | Reached ****** piety under Cheibriados
 11818 | Lair:2   | Reached XP level 12. HP: 109/109 MP: 13/19
 11902 | Lair:2   | Reached skill level 5 in Invocations
 13125 | Lair:3   | Reached skill level 10 in Invocations
 13362 | Lair:3   | Found a staircase to the Snake Pit.
 13519 | Lair:3   | Noticed a catoblepas
 13524 | Lair:3   | Killed a catoblepas
 14034 | Lair:3   | Found a staircase to the Swamp.
 14035 | Lair:3   | Noticed a death yak
 14068 | Lair:3   | Killed a death yak
 14068 | Lair:3   | Gained mutation: You can use your snake-like lower body to constrict enemies. [Naga growth]
 14068 | Lair:3   | Reached XP level 13. HP: 100/115 MP: 16/22
 14761 | Lair:4   | Reached skill level 12 in Unarmed Combat
 15177 | Lair:4   | Noticed Josephine
 15186 | Lair:4   | Killed Josephine
 15544 | Lair:4   | Reached skill level 13 in Unarmed Combat
 15559 | Lair:4   | HP: 4/138 [seven-headed hydra (8)]
 15559 | Lair:4   | HP: 1/138 [seven-headed hydra (3)]
 15559 | Lair:4   | Slain by a seven-headed hydra

Vault maps used:
D:1:      lightli_arrival_statue_moat, evilmike_ruin_ashenzari
D:2:      uniq_terence
D:3:      lemuel_coloured_pillars_altar, first_bread, kennysheep_generic_room_16
D:4:      cheibriados_altar_1
D:5:      sword_in_stone
D:6:      nicolae_tso_swordbearing_angel
D:9:      minmay_weird_star, zin_scriptorium, basic_altar, serial_shops, shop,
          the_bakery
D:10:     due_lair_maze_entry_diamond, st_stairs_4, uniq_fannar
Temple:   dpeg_five_rooms_temple
Lair:1:   minmay_lair_oklob_bushes, uniq_gastronok
Lair:2:   grunt_megastairs_4
Lair:3:   swamp_mist, guppyfry_snake_entry_garden, grunt_megastairs_2
Lair:4:   onia_ninara_swampy_vault, beast_lair_carwin_3, uniq_josephine

Skill      XL: |  1  2  3  4  5  6  7  8  9 10 11 12 13 |
---------------+----------------------------------------+-----
Fighting       | 2 3 4 5 6 7 |  7.4
Unarmed Combat | 4 5 6 8 10 11 13 | 13.1
Poison Magic   | 1 2 |  2.1
Transmutations | 3 4 5 7 8 10 | 10.0
Dodging        | 3 4 5 |  5.5
Spellcasting   | 3 4 5 |  5.1
Ice Magic      | 2 |  2.2
Invocations    | 4 12 | 12.0

Action                   |  1- 3 |  4- 6 |  7- 9 | 10-12 | 13-15 || total
-------------------------+-------+-------+-------+-------+-------++-------
Melee: Unarmed           |    88 |   136 |   266 |   437 |    96 ||  1023
       Headbutt          |     5 |       |       |       |       ||     5
       Punch             |       |       |     1 |    18 |     7 ||    26
       Constrict         |       |       |       |       |    21 ||    21
 Cast: Beastly Appendage |    17 |     1 |       |       |       ||    18
       Spider Form       |       |    21 |    51 |    23 |     1 ||    96
       Blade Hands       |       |       |       |    34 |    14 ||    48
       Ice Form          |       |       |       |     2 |     1 ||     3
Invok: Slouch            |       |       |       |     1 |     2 ||     3
 Abil: Spit Poison       |    34 |    25 |    23 |     8 |     3 ||    93
  Use: Scroll            |       |     9 |     5 |     8 |       ||    22
       Potion            |       |       |       |     3 |     3 ||     6
 Stab: Sleeping          |       |     1 |     1 |     1 |       ||     3
       Distracted        |       |       |       |     2 |     1 ||     3
       Invisible         |       |       |       |     6 |       ||     6
  Eat: Chunk             |     2 |    12 |    12 |    18 |     8 ||    52
       Meat ration       |       |       |     1 |     1 |       ||     2
Armor: Robe              |    10 |     6 |     9 |    93 |    11 ||   129
       Skin              |       |     6 |    10 |    22 |     9 ||    47
Dodge: Dodged            |    67 |   110 |   182 |   354 |    67 ||   780
Block: Other             |       |     2 |    26 |    69 |    17 ||   114
       Reflection        |       |       |     3 |       |       ||     3
